 Seeded DCSS version 0.29-a0-393-g47a863cc1b (webtiles) character file.

Game seed: 20220511 (custom seed)

555 a11behringer the Cudgeller (level 7, -1/43 HPs)
             Began as a Gargoyle Berserker on May 11, 2022.
             Was a Believer of Trog.
             Slain by a bullfrog (4 damage)
             ... on level 8 of the Dungeon.
             The game lasted 00:09:58 (4382 turns).

a11behringer the Cudgeller (Gargoyle Berserker)     Turns: 4382, Time: 00:09:59

Health: -1/43      AC: 16    Str: 23    XL:     7   Next: 30%
Magic:  7/7        EV:  8    Int: 13    God:    Trog [**....]
Gold:   288        SH:  0    Dex:  9    Spells: 6/6 levels left

rFire   . . .      SeeInvis .   x - +0 flail
rCold   . . .      Faith    .   (no shield)
rNeg    + . .      Spirit   .   g - +0 chain mail
rPois   ∞          Reflect  .   (no helmet)
rElec   +          Harm     .   (no cloak)
rCorr   .          Rampage  .   p - +0 pair of gloves
Will    .....                   k - +0 pair of boots
Stlth   ..........              (no amulet)
HPRegen 0.14/turn               m - +6 ring of intelligence
MPRegen 0.10/turn               (no ring)

@: no status effects
A: sickness immunity, AC +4, negative energy resistance 1, electricity
resistance, torment resistance 1, petrification resistance
a: Renounce Religion, Berserk, Trog's Hand


You were on level 8 of the Dungeon.
You worshipped Trog.
Trog was pleased with you.
You visited 1 branch of the dungeon, and saw 6 of its levels.

You collected 288 gold pieces.

Inventory:

Hand Weapons
 a - a +0 mace
 r - the +2 hunting sling of Bybbuim {flame, Stlth+}
   (You found it on level 4 of the Dungeon)

   Any ammunition fired from it burns those it strikes, dealing additional fire
   damage.
   Stlth:     It makes you more stealthy.
 u - a +0 triple crossbow
 x - a +0 flail (weapon)
Armour
 b - a +0 animal skin
 g - a +0 chain mail (worn)
 k - a +0 pair of boots (worn)
 p - a +0 pair of gloves (worn)
Jewellery
 m - a +6 ring of intelligence (left hand)
 v - an amulet of the acrobat
Wands
 q - a wand of iceblast (10)
 w - a wand of acid (3)
Scrolls
 c - a scroll of noise {unknown}
 e - a scroll of enchant armour {unknown}
 f - 6 scrolls of identify {unknown}
 j - 3 scrolls of vulnerability {unknown}
 l - 3 scrolls of enchant weapon {unknown}
 o - a scroll of amnesia {unknown}
 s - 2 scrolls of teleportation {unknown}
 t - a scroll of fog {unknown}
Potions
 d - 4 potions of mutation {unknown}
 h - 5 potions of brilliance {unknown}
 i - 2 potions of degeneration {unknown}
 n - 2 potions of attraction {unknown}


   Skills:
 + Level 4.2 Fighting
 * Level 6.9 Maces & Flails
 + Level 3.4 Armour
 + Level 2.3 Dodging


You had 6 spell levels left.
You didn't know any spells.
Your spell library was empty.

Dungeon Overview and Level Annotations

Branches:
Dungeon (8/15)             Temple (0/1) D:4
   Lair: D:8-11

Altars:
Nemelex Xobeh
Xom

Annotations:
D:4 2 transporters, bande's ghost, amateur GrFi
D:8 Gastronok


Innate Abilities, Weirdness & Mutations

You are immune to sickness and miasma.
Your stone body is resilient. (AC +4)
You are immune to poison.
You resist negative energy. (rN+)
You are resistant to electric shocks. (rElec)
You are resistant to unholy torment.
You are immune to petrification.


Message History

The bat hits you but does no damage. The bat attacks as you move away!
The bat hits you but does no damage. x2
The vampire mosquito barely misses you. The vampire mosquito bites you.
* * * LOW HITPOINT WARNING * * *
The vampire mosquito bites you.
* * * LOW HITPOINT WARNING * * *
The vampire mosquito closely misses you.
The vampire mosquito barely misses you.
The vampire mosquito attacks as you move away!
The vampire mosquito bites you but does no damage.
You feel the effects of Trog's Hand fading.
The vampire mosquito bites you but does no damage.
The vampire mosquito bites you.
* * * LOW HITPOINT WARNING * * *
The vampire mosquito attacks as you move away!
The vampire mosquito bites you but does no damage.
A bullfrog comes into view.
Found a rapier and 9 gold pieces.
The bullfrog gives a loud, deep croak!
The vampire mosquito bites you but does no damage.
The bullfrog moves out of view.
Found 10 gold pieces.
The vampire mosquito bites you.
* * * LOW HITPOINT WARNING * * *
Found a stone staircase leading up.
A white imp comes into view.
The vampire mosquito closely misses you.
The bullfrog hits you but does no damage.
You barely miss the bullfrog.
The white imp shouts!
The vampire mosquito bites you!
* * * LOW HITPOINT WARNING * * *
The bullfrog hits you but does no damage.
The vampire mosquito closely misses you.
You sock the bullfrog!
The bullfrog is heavily wounded.
Your skin stops crawling.
You feel less strong-willed.
The bullfrog hits you but does no damage.
The vampire mosquito barely misses you. The bullfrog hits you.
You die...

## #. ... .. #$# #<
.)... #.#. .5.
#.#F### #$..@.#
##≈# #.###y# #≈≈≈##
#b# #≈≈≈≈# #Y#
###≈≈≈≈##########Y#
≈.#≈≈≈≈#...bYY....#
≈≈≈.≈≈≈#Y##########
≈≈≈≈≈b≈Y.#
≈≈≈≈≈bY..#


You could see 2 yaks, a vampire mosquito, a bullfrog, a white imp and a bat
(summoned).

Vanquished Creatures
  An ice beast (D:5)
  A black bear (D:5)
  An ogre (D:4)
  2 hounds
  An orc priest (D:3)
  An orc wizard (D:3)
  3 adders
  3 gnolls (D:5)
  A white imp (D:5)
  A worm (D:2)
  5 dart slugs
  13 orcs
  5 ball pythons
  5 bats
  7 endoplasms
  6 giant cockroaches
  5 goblins
  11 jackals
  6 quokkas
  6 frilled lizards
  4 kobolds
  6 rats
94 creatures vanquished.

Notes
Turn   | Place    | Note
-------+----------+-------------------------------------------
     0 | D:1      | a11behringer the Gargoyle Berserker began the quest for the
                  | Orb.
     0 | D:1      | Reached XP level 1. HP: 14/14 MP: 1/1
   284 | D:1      | Reached XP level 2. HP: 7/19 MP: 2/2
   833 | D:1      | Found a faded altar of an unknown god.
   846 | D:1      | Reached XP level 3. HP: 20/23 MP: 3/3
  1350 | D:2      | Found a shimmering altar of Xom.
  1356 | D:2      | Reached ** piety under Trog
  1357 | D:2      | Reached skill level 4 in Maces & Flails
  1375 | D:2      | HP: 1/23 [adder (2)]
  1757 | D:2      | Reached XP level 4. HP: 27/28 MP: 4/4
  2446 | D:3      | Reached XP level 5. HP: 33/33 MP: 5/5
  2526 | D:3      | Reached skill level 5 in Maces & Flails
  3172 | D:4      | Found a staircase to the Ecumenical Temple.
  3186 | D:4      | Found a transporter.
  3188 | D:4      | Identified the +2 hunting sling of Bybbuim {flame, Stlth+}
  3191 | D:4      | Noticed an ogre
  3196 | D:4      | Killed an ogre
  3197 | D:4      | Reached XP level 6. HP: 35/38 MP: 6/6
  3397 | D:4      | Noticed bande's ghost (amateur GrFi)
  3518 | D:4      | Found a transporter.
  3734 | D:5      | Entered Level 5 of the Dungeon
  3742 | D:5      | Noticed an ice beast
  3748 | D:5      | Killed an ice beast
  3749 | D:5      | Reached skill level 6 in Maces & Flails
  4050 | D:5      | Found a sparkling altar of Nemelex Xobeh.
  4091 | D:5      | Noticed a black bear
  4107 | D:5      | Reached XP level 7. HP: 43/43 MP: 7/7
  4298 | D:5      | You fall into a shaft and drop 3 floors!
  4298 | D:8      | Noticed a yak
  4298 | D:8      | Noticed a yak
  4298 | D:8      | Noticed a yak
  4298 | D:8      | Noticed a yak
  4320 | D:8      | Noticed Gastronok
  4320 | D:8      | Noticed a vampire mosquito
  4336 | D:8      | Noticed a yak
  4356 | D:8      | HP: 1/43 [yak (5)]
  4356 | D:8      | Noticed a yak
  4381 | D:8      | HP: 2/43 [vampire mosquito (8)]
  4382 | D:8      | Slain by a bullfrog

Illustrated notes

Levels and vault maps discovered:
D:1:      arrival_zaba_pyramid, layout_rooms, dreamdust_ecumenical_altar_statues
D:2:      layout_basic, corexii_leaking_fountain, serial_park_tiny_1,
          minmay_hexomino_r4
D:3:      layout_rooms, roderic_serpentine_path
D:4:      layout_basic, minmay_temple_entry_slanted, gammafunk_ghost_mausoleum
D:5:      layout_loops_corners, lemuel_doored_altar
D:8:      layout_basic, st_stairs_8, chequers_serial_rivers_large_a,
          nicolae_shop_gadgets, uniq_pikel, uniq_erica, uniq_gastronok

Skill      XL: |  1  2  3  4  5  6 |
---------------+-------------------+-----
Maces & Flails | 4 5 6 |  6.9
Dodging        | 2 |  2.3
Armour         | 3 |  3.4
Fighting       | 4 |  4.2

Action                   |  1- 3 |  4- 6 |  7- 9 || total
-------------------------+-------+-------+-------++-------
Melee: Mace              |   137 |   150 |       ||   287
       Punch             |     2 |     1 |     1 ||     4
       Flail             |       |    13 |    28 ||    41
Invok: Berserk           |     1 |     5 |       ||     6
       Trog's Hand       |       |     3 |     1 ||     4
Armor: Animal skin       |    26 |       |       ||    26
       Chain mail        |    93 |    94 |    84 ||   271
Dodge: Dodged            |   102 |    75 |    57 ||   234

Table legend: (Time is in decaauts)
 A = Elapsed time spent in this place.
 B = Non-inter-level travel time spent in this place.
 C = Inter-level travel time spent in this place.
 D = Time resting spent in this place.
 E = Time spent auto-exploring this place.
 F = Levels seen in this place.
 G = Mean time per level.
                   A        B        C        D        E       F      G
               +--------+--------+--------+--------+--------+-----+--------+
         Total |   4476 |   4206 |    270 |      0 |   3475 |   6 |  746.0 |
       Dungeon |   4476 |   4206 |    270 |      0 |   3475 |   6 |  746.0 |
               +--------+--------+--------+--------+--------+-----+--------+

Top non-repeatable levels by time:
     D:1: 1364 daAuts
     D:2: 1090 daAuts
     D:3: 762 daAuts
     D:5: 592 daAuts
     D:4: 580 daAuts
     D:8: 85 daAuts
